 Dungeon Crawl Stone Soup version 0.23.2-40-g277498a001 (webtiles) character file.

Game seed: 9803145966881260103

22952 Kostasan the Severer (level 12, -1/172 HPs)
             Began as a Minotaur Berserker on Oct 2, 2019.
             Was a High Priest of Trog.
             Slain by an orc warrior
             ... wielding a +0 glaive
              (25 damage)
             ... on level 2 of the Orcish Mines.
             The game lasted 00:52:14 (12491 turns).

Kostasan the Severer (Minotaur Berserker)          Turns: 12491, Time: 00:52:15

Health: -1/172     AC: 22    Str: 30    XL:     12   Next: 67%
Magic:  3/3        EV: 10    Int:  4    God:    Trog [*****.]
Gold:   1202       SH:  0    Dex: 23    Spells: 11/11 levels left

rFire    . . .     SeeInvis +   w - +4 battleaxe (antimagic)
rCold    + . .     Gourm    .   (shield currently unavailable)
rNeg     . . .     Faith    .   l - +1 plate armour
rPois    .         Spirit   .   (helmet restricted)
rElec    +         Reflect  .   D - +0 cloak
rCorr    .         Harm     .   y - +0 pair of gloves
MR       .....     NoTele   +   U - +0 pair of boots of Recklessness {-Tele +Inv MR- Dex+7}
Stlth    ..........             n - amulet "Diliogea" {RegenMP rC+ Dex+2}
HPRegen  0.38/turn              G - +1 ring of protection
MPRegen  0.33/turn              x - ring of see invisible

@: berserking, very quick
A: retaliatory headbutt, horns 2, magic resistance 1, electricity resistance,
strong 1
a: Berserk, Trog's Hand, Brothers in Arms, Renounce Religion, Evoke Invisibility


You were on level 2 of the Orcish Mines.
You worshipped Trog.
Trog was extremely pleased with you.
You were hungry.

You visited 3 branches of the dungeon, and saw 14 of its levels.

You collected 1291 gold pieces.
You spent 89 gold pieces at shops.

Inventory:

Hand Weapons
 k - a +0 war axe of electrocution
 w - a +4 antimagic battleaxe (weapon)
 W - a +0 quick blade
Missiles
 K - 13 tomahawks (quivered)
 M - 15 javelins
 Q - 5 throwing nets
Armour
 l - a +1 plate armour (worn)
 y - a +0 pair of gloves (worn)
 C - a +0 pair of boots
 D - a +0 cloak (worn)
 U - the +0 pair of boots of Recklessness (worn) {-Tele +Inv MR- Dex+7}
   (You found it on level 10 of the Dungeon)

   It affects your dexterity (+7).
   It affects your resistance to hostile enchantments.
   It lets you turn invisible.
   It prevents most forms of teleportation.
Jewellery
 n - the amulet "Diliogea" (around neck) {RegenMP rC+ Dex+2}
   (You found it on level 8 of the Dungeon)

   [amulet of magic regeneration]

   It increases your magic regeneration.
   It affects your dexterity (+2).
   It protects you from cold.
 p - an uncursed ring of protection from cold
 x - a ring of see invisible (right hand)
 G - a +1 ring of protection (left hand)
Wands
 f - a wand of disintegration (6)
 o - a wand of clouds (4)
 u - a wand of digging (5)
 B - a wand of flame (18)
 E - a wand of enslavement (24)
 J - a wand of polymorph (5)
 T - a wand of paralysis (8)
Scrolls
 d - 6 scrolls of teleportation
 g - 4 scrolls of enchant armour
 j - 3 scrolls of fear
 m - 6 scrolls of enchant weapon
 F - a scroll of holy word {unknown}
 I - 3 scrolls of blinking {unknown}
 O - a scroll of magic mapping
 P - 2 scrolls of brand weapon {unknown}
 R - a scroll of remove curse
Potions
 a - 3 potions of haste
 b - a potion of invisibility
 h - a potion of curing {unknown}
 q - 2 potions of flight
 r - 2 potions of agility
 t - a potion of brilliance {unknown}
 v - 2 potions of magic
 z - a potion of heal wounds {unknown}
 A - a potion of resistance {unknown}
 H - 4 potions of might
 S - a potion of ambrosia {unknown}
Miscellaneous
 L - a lightning rod (2/4)
Comestibles
 c - 25 rations
 i - 9 chunks of flesh


   Skills:
 + Level 13.0 Fighting
 * Level 17.1 Axes
 + Level 12.7 Armour
 - Level 3.0 Dodging


You had 11 spell levels left.
You didn't know any spells.
Your spell library contained the following spells:

 Spells                   Type           Power        Failure   Level  Hunger
 Beastly Appendage        Tmut           #.....       98%         1    ##.....
 Magic Dart               Conj           #...         98%         1    ##.....
 Blink                    Tloc           N/A          99%         2    ###....
 Call Imp                 Summ           #.......     99%         2    ###....
 Slow                     Hex            #.......     99%         2    ###....
 Sticks to Snakes         Tmut           #.......     99%         2    ###....
 Conjure Flame            Conj/Fire      #.......     100%        3    ####...
 Mephitic Cloud           Conj/Pois/Air  #.......     100%        3    ####...
 Spider Form              Tmut/Pois      #.........   100%        3    ####...
 Ice Form                 Ice/Tmut       #.......     100%        4    #####..
 Blade Hands              Tmut           #.........   100%        5    ######.
 Bolt of Magma            Conj/Fire/Erth #.........   100%        5    ######.
 Iskenderun's Battlesphe  Conj/Chrm      #.......     100%        5    ######.
 Venom Bolt               Conj/Pois      #.........   100%        5    ######.
 Iron Shot                Conj/Erth      #.........   100%        6    #######
 Orb of Destruction       Conj           #.........   100%        7    #######
 Spellforged Servitor     Conj/Summ      #.........   100%        7    #######


Dungeon Overview and Level Annotations

Branches:
Dungeon (11/15)            Temple (0/1) D:6            Lair (1/6) D:8
    Orc (2/2) D:11            Elf (0/3) Orc:2

Altars:
Ashenzari
Cheibriados
Elyvilon
Fedhas
Gozag
Hepliaklqana
Nemelex Xobeh
Ru
Trog
Zin
The Shining One

Shops:
D:5 *   Orc:2 [


Innate Abilities, Weirdness & Mutations

You reflexively headbutt those who attack you in melee.
You have a pair of horns on your head.
You are resistant to hostile enchantments. (MR+)
You are resistant to electric shocks. (rElec)
Your muscles are strong. (Str +2)


Message History

You furiously retaliate!
You headbutt the orc wizard!
The orc warrior hits you from afar with a +0 glaive!!
* * * LOW HITPOINT WARNING * * *
The orc warrior hits you but does no damage.
Things that are here:
a +0 dagger; a +0 robe; a tomahawk You closely miss the orc wizard.
You headbutt the orc wizard.
You kill the orc wizard!
Trog accepts your kill.
Trog appreciates your killing of a magic user.
You slash the orc knight! You barely miss the orc warrior.
You completely miss the orc knight.
The orc knight is lightly wounded.
You slice the orc warrior!!
You hear a shout!
The orc knight roars a battlecry!
The orc warrior hits you with a +0 trident!!
* * * LOW HITPOINT WARNING * * *
The orc warrior hits you from afar with a +0 glaive!!
You die...

.....#.#
..................
.......#
.#####.##.......#
.......#
...##.##......##
.......#
.o.##.##...#..#
.......#
...##.##........
.......# #. #
##..##..##...##...
.......#
#∩.#.##o..##.###....
##. .......#
#..(.§)o##..# ##...#
. .......#
#...o@##..##
.......# #####))..##
.... ###### #..#
.... .#.. #.


You could see an orc knight, an orc high priest and 2 orc warriors.

Vanquished Creatures
  Erolcha (Orc:1)
  Harold (D:10)
  A hydra (Lair:1)
  A centaur warrior (D:10)
  3 two-headed ogres
  The ghost of tamionv the Basher, a journeyman GrFi (D:11)
  A deep troll earth mage (D:11)
  Urug (Orc:1)
  An orc high priest (Orc:2)
  An unseen horror (D:9)
  An orc knight (Orc:2)
  4 orc sorcerers
  A manticore (D:11)
  A cyclops (Orc:1)
  4 spiny frogs (Lair:1)
  2 trolls
  4 hippogriffs
  A wyvern (D:10)
  A spriggan (D:9)
  A shadow (D:11)
  A vampire (D:10)
  A wraith (D:10)
  9 yaks
  2 hungry ghosts
  A basilisk (Lair:1)
  A vampire mosquito (D:11)
  5 wargs
  4 water moccasins
  4 porcupines
  9 orc warriors
  A phantom (D:10)
  3 black bears
  2 sky beasts
  3 ice beasts
  4 ogres
  5 centaurs
  4 crocodiles
  7 wolves (Lair:1)
  11 bullfrogs
  A wyvern skeleton (D:7)
  6 scorpions
  A water moccasin skeleton (D:7)
  3 wights (D:11)
  4 crimson imps
  A centaur zombie (D:10)
  3 howler monkeys (D:10)
  2 quasits
  8 hounds
  9 orc priests
  2 jellies
  9 orc wizards
  3 bullfrog skeletons
  3 centaur skeletons
  An iguana (D:10)
  Ijyb (D:3)
  3 worker ants
  A hound skeleton (D:7)
  A worker ant zombie (D:7)
  Robin (D:3)
  A gnoll (D:7)
  A howler monkey skeleton (D:7)
  14 adders
  A shadow imp (D:7)
  3 oozes
  2 adder zombies
  3 adder skeletons
  2 worms
  2 dart slugs
  A leopard gecko (D:1)
  34 orcs
  9 giant cockroaches
  16 goblins
  11 hobgoblins
  17 jackals
  3 quokkas
  A ball python (D:1)
  7 bats
  4 frilled lizards
  6 kobolds
  3 leopard gecko skeletons
  2 quokka skeletons (D:5)
  A quokka zombie (D:5)
  5 rats
  5 fungi (D:8)
  A plant (D:8)
327 creatures vanquished.

Vanquished Creatures (collateral kills)
  An orc priest (Orc:2)
1 creature vanquished.

Vanquished Creatures (others)
  2 orcs (Orc:2)
  2 fungi (D:8)
4 creatures vanquished.

Grand Total: 332 creatures vanquished

Notes
Turn   | Place    | Note
-------+----------+-------------------------------------------
     0 | D:1      | Kostasan the Minotaur Berserker began the quest for the
                  | Orb.
     0 | D:1      | Reached XP level 1. HP: 19/19 MP: 0/0
    66 | D:1      | Reached XP level 2. HP: 24/27 MP: 1/1
   149 | D:1      | Reached skill level 4 in Axes
   523 | D:1      | Reached XP level 3. HP: 27/33 MP: 2/2
   544 | D:1      | Reached ** piety under Trog
  1292 | D:2      | Reached XP level 4. HP: 39/40 MP: 3/3
  1739 | D:2      | Found a glowing silver altar of Zin.
  1739 | D:2      | Found a blossoming altar of Fedhas.
  1863 | D:3      | Found a shattered altar of Ashenzari.
  1863 | D:3      | Found a bloodstained altar of Trog.
  1863 | D:3      | Found a white marble altar of Elyvilon.
  1863 | D:3      | Found a sparkling altar of Nemelex Xobeh.
  2024 | D:3      | Reached skill level 5 in Axes
  2096 | D:3      | Reached XP level 5. HP: 40/47 MP: 4/4
  2138 | D:3      | Noticed Robin
  2152 | D:3      | Reached *** piety under Trog
  2158 | D:3      | Killed Robin
  2248 | D:3      | Noticed Ijyb
  2261 | D:3      | Killed Ijyb
  2368 | D:3      | Found a snail-covered altar of Cheibriados.
  2493 | D:3      | Reached skill level 5 in Fighting
  3158 | D:4      | Reached skill level 6 in Axes
  3158 | D:4      | Reached XP level 6. HP: 37/56 MP: 5/5
  3441 | D:4      | Noticed a sky beast
  3452 | D:4      | Killed a sky beast
  3492 | D:4      | Noticed a water moccasin
  3501 | D:4      | Killed a water moccasin
  3501 | D:4      | Reached skill level 7 in Axes
  3501 | D:4      | Reached XP level 7. HP: 52/62 MP: 6/6
  3561 | D:4      | Reached skill level 5 in Armour
  3959 | D:5      | Entered Level 5 of the Dungeon
  3982 | D:5      | Found a hazy altar of Hepliaklqana.
  4141 | D:5      | Found Taighuwk's Assorted Antiques.
  4157 | D:5      | Bought a ruby potion for 20 gold pieces
  4157 | D:5      | Bought a potion of flight for 69 gold pieces
  4731 | D:6      | Reached skill level 8 in Axes
  4733 | D:6      | Reached **** piety under Trog
  4867 | D:6      | Reached XP level 8. HP: 54/71 MP: 7/7
  5023 | D:6      | Reached skill level 9 in Axes
  5312 | D:6      | Found a staircase to the Ecumenical Temple.
  5785 | D:7      | Reached skill level 10 in Axes
  6021 | D:7      | Reached XP level 9. HP: 74/81 MP: 8/8
  6077 | D:7      | Noticed a two-headed ogre
  6093 | D:7      | Killed a two-headed ogre
  6093 | D:7      | Reached skill level 11 in Axes
  6717 | D:8      | Got a transparent jade amulet
  6718 | D:8      | Identified the amulet "Diliogea" {RegenMP rC+ Dex+2} (You
                  | found it on level 8 of the Dungeon)
  6795 | D:8      | Found a glowing golden altar of the Shining One.
  6820 | D:8      | Reached ***** piety under Trog
  6830 | D:8      | Reached skill level 12 in Axes
  6859 | D:8      | Reached XP level 10. HP: 74/91 MP: 9/9
  6892 | D:8      | Found a staircase to the Lair.
  7463 | D:8      | Found a hazy altar of Hepliaklqana.
  7542 | D:9      | Received a gift from Trog
  7822 | D:9      | Noticed an unseen horror
  7830 | D:9      | Killed an unseen horror
  7830 | D:9      | Reached skill level 10 in Fighting
  7830 | D:9      | Reached skill level 13 in Axes
  7923 | D:10     | Entered Level 10 of the Dungeon
  7990 | D:10     | Noticed Harold
  8002 | D:10     | Killed Harold
  8002 | D:10     | Reached skill level 10 in Armour
  8394 | D:10     | Noticed a centaur warrior
  8414 | D:10     | Killed a centaur warrior
  8414 | D:10     | Reached skill level 14 in Axes
  8414 | D:10     | Reached XP level 11. HP: 89/101 MP: 10/10
  8461 | D:10     | Got a pair of smoking boots
  8462 | D:10     | Identified the cursed +0 pair of boots of Recklessness
                  | {-Tele +Inv MR- Dex+7} (You found it on level 10 of the
                  | Dungeon)
  8766 | D:10     | Found a sacrificial altar of Ru.
  8953 | D:11     | Received a gift from Trog
  9041 | D:11     | Noticed a two-headed ogre
  9047 | D:11     | Killed a two-headed ogre
  9215 | D:11     | Reached skill level 15 in Axes
  9260 | D:11     | Found a transporter.
  9268 | D:11     | Found a staircase to the Orcish Mines.
  9270 | D:11     | Noticed tamionv's ghost (journeyman GrFi)
  9274 | D:11     | Noticed a deep troll earth mage
  9315 | D:11     | Found a transporter.
  9324 | D:11     | Identified a scroll of acquirement
  9337 | D:11     | Killed a deep troll earth mage
  9339 | D:11     | Killed tamionv's ghost
  9546 | D:11     | Found an opulent altar of Gozag.
  9912 | Lair:1   | Entered Level 1 of the Lair of Beasts
 10027 | Lair:1   | Found an opulent altar of Gozag.
 10345 | Lair:1   | Reached XP level 12. HP: 112/112 MP: 3/11
 10407 | Lair:1   | Reached skill level 16 in Axes
 10467 | Lair:1   | Noticed a five-headed hydra
 10479 | Lair:1   | Killed an eight-headed hydra
 11162 | Orc:1    | Entered Level 1 of the Orcish Mines
 11218 | Orc:1    | Noticed Urug
 11232 | Orc:1    | Killed Urug
 11233 | Orc:1    | Noticed a two-headed ogre
 11251 | Orc:1    | Killed a two-headed ogre
 11597 | Orc:1    | Gained mutation: Scrolls take you a little longer to read.
                  | [potion of mutation]
 11597 | Orc:1    | Gained mutation: Your spells are a little harder to cast,
                  | but a little more powerful. [potion of mutation]
 11598 | Orc:1    | Lost mutation: Scrolls take you a little longer to read.
                  | [potion of mutation]
 11598 | Orc:1    | Lost mutation: Your spells are a little harder to cast, but
                  | a little more powerful. [potion of mutation]
 11598 | Orc:1    | Gained mutation: You are resistant to hostile enchantments.
                  | (MR+) [potion of mutation]
 11598 | Orc:1    | Gained mutation: You are resistant to electric shocks.
                  | (rElec) [potion of mutation]
 11598 | Orc:1    | Gained mutation: Your muscles are strong. (Str +2) [potion
                  | of mutation]
 11667 | Orc:1    | Noticed Erolcha
 11680 | Orc:1    | Killed Erolcha
 12090 | Orc:2    | Entered Level 2 of the Orcish Mines
 12090 | Orc:2    | Found a staircase to the Elven Halls.
 12090 | Orc:2    | Noticed an orc high priest
 12114 | Orc:2    | Killed an orc high priest
 12295 | Orc:2    | Reached skill level 17 in Axes
 12479 | Orc:2    | Found Afuu's Armour Boutique.
 12489 | Orc:2    | Noticed an orc high priest
 12491 | Orc:2    | Slain by an orc warrior

Skill      XL: |  1  2  3  4  5  6  7  8  9 10 11 12 |
---------------+-------------------------------------+-----
Axes           | 4 5 6 7 8 10 12 14 15 17 | 17.1
Fighting       | 4 5 6 7 9 10 12 13 | 13.0
Armour         | 3 4 5 7 8 10 11 12 | 12.7
Dodging        | 3 |  3.0

Action                   |  1- 3 |  4- 6 |  7- 9 | 10-12 || total
-------------------------+-------+-------+-------+-------++-------
Melee: Hand axe          |    99 |   135 |   263 |   234 ||   731
       Headbutt          |    17 |    20 |    67 |   142 ||   246
       Unarmed           |       |       |     2 |       ||     2
       Battleaxe         |       |       |       |   193 ||   193
Throw: Tomahawk          |     7 |    65 |    83 |   150 ||   305
       Javelin           |       |       |     3 |    15 ||    18
Invok: Berserk           |       |     2 |     4 |     7 ||    13
Evoke: Lightning rod     |       |       |       |     5 ||     5
       Wand              |       |       |       |     5 ||     5
  Use: Scroll            |       |    14 |     4 |     7 ||    25
       Potion            |       |       |       |     4 ||     4
 Stab: Sleeping          |     1 |       |       |       ||     1
       Invisible         |       |       |       |     2 ||     2
  Eat: Chunk             |     1 |     9 |    11 |    20 ||    41
       Ration            |       |       |     2 |     2 ||     4
Armor: Animal skin       |    14 |       |       |       ||    14
       Plate armour      |    18 |    84 |   151 |   215 ||   468
       Chain mail        |    10 |       |       |       ||    10
       Skin              |       |       |       |     3 ||     3
Dodge: Dodged            |    45 |    43 |    87 |   135 ||   310
